 Dungeon Crawl Stone Soup version 0.32-a0-900-g30fb1b0edc (webtiles) character file.

Game seed: 11710622505364516910

230 olmar the Cudgeller (level 5, -14/46 HPs)
             Began as a Mountain Dwarf Monk on Apr 5, 2024.
             Killed by an exploding ogre (16 damage)
             ... ignited by their inner flame
             ... on level 4 of the Dungeon.
             The game lasted 00:02:56 (2015 turns).

olmar the Cudgeller (Mountain Dwarf Monk)           Turns: 2015, Time: 00:02:56

Health: -14/46     AC: 13    Str: 16    XL:     5   Next: 72%
Magic:  0/5        EV:  4    Int: 10    God:
Gold:   223        SH:  0    Dex: 12    Spells: 4/4 levels left

rFire   . . .        a - +0 mace
rCold   . . .        d - orb {light}
rNeg    . . .        y - +0 plate armour
rPois   .            l - +1 helmet
rElec   .            (no cloak)
rCorr   .            (no gloves)
SInv    .            (no boots)
Will    .....        m - amulet of guardian spirit Stlth
                     (no ring)
HPRegen 0.27/turn    (no ring)
MPRegen 0.09/turn

%: guardian spirit
@: glowing
A: runic magic, artefact enchanting
a: no special abilities


You were on level 4 of the Dungeon.
You visited 1 branch of the dungeon, and saw 4 of its levels.

You collected 223 gold pieces.

Inventory:

Hand Weapons
 a - a +0 mace (weapon)
Missiles
 g - 5 boomerangs (quivered)
Armour
 b - a +0 robe
 d - an orb of light (worn)
 h - a +0 chain mail
 l - a +1 helmet (worn)
 y - a +0 plate armour (worn)
Jewellery
 m - an amulet of guardian spirit (around neck)
Scrolls
 f - a scroll of enchant armour
 o - a scroll of amnesia {unknown}
 q - a scroll of poison {unknown}
 s - a scroll of identify {unknown}
 v - a scroll of revelation {unknown}
Potions
 c - a potion of ambrosia
 e - a potion of enlightenment {unknown}
 i - 3 potions of mutation {unknown}
 k - a potion of brilliance {unknown}
 n - a potion of invisibility {unknown}
 p - a potion of resistance {unknown}
 r - a potion of might {unknown}
 u - a potion of attraction {unknown}
 w - a potion of lignification {unknown}
 x - a potion of curing {unknown}
 z - a potion of cancellation {unknown}


   Skills:
 + Level 4.2 Fighting
 + Level 6.2 Maces & Flails
 + Level 2.9 Armour
 - Level 2.2 Dodging


You had 4 spell levels left.
You didn't know any spells.
Your spell library was empty.

Dungeon Overview and Level Annotations

Branches:
Dungeon (4/15)
 Temple: D:4-7

Altars:


Innate Abilities, Weirdness & Mutations

Your spellcasting is much less encumbered by armour.
You can use scrolls of enchantment on lesser artefacts.


Message History

Found a dagger.
t - 2 poisoned darts (gained 1)
Found a whip.
You see here a +0 whip.
An ogre comes into view. It is wielding a +0 giant club.
The ogre shouts!
An ogre is nearby!
An ogre is nearby!
You throw a poisoned dart.
The poisoned dart barely misses the ogre.
You throw a poisoned dart. The poisoned dart hits the ogre.
The ogre is poisoned.
You throw a boomerang.
The boomerang hits the ogre but does no damage.
You sock the ogre!
The ogre is moderately wounded.
The ogre hits you with a +0 giant club!!
Unknown command.
You hit the ogre.
The ogre is heavily wounded.
The ogre hits you with a +0 giant club!!
Ouch! That really hurt!
* * * LOW HITPOINT WARNING * * *
You are too injured to fight recklessly!
Unknown command.
You are too injured to fight recklessly!
Unknown command.
Okay, then.
Okay, then.
You aren't carrying any items that you can evoke.
As you read the scroll labelled NUINKEOMUMN, it crumbles to dust.
The creatures around you are filled with an inner flame!
It was a scroll of immolation.
The ogre looks more healthy.
Unknown command.
You hit the ogre.
Flame seeps out of the ogre.
The ogre is severely wounded.
The ogre is engulfed in blazing flames.
The ogre explodes!
The fiery explosion engulfs you!
You die...

..........(#........# #.#
......####.####...######.###
...........................(
#####.###..####.#.######..#.
#....(####.#...# #..#.
+.)...)....#.#.####....
#...§§.................
#...§○####.#.#.####..#.
####§§@....#.#.####..#.
#........)..........
..........†...........
#.##...........####.... #
#...........######..
................†)...
##.#.........##.###..
................# #..
##.####...#.###.# #..


There were no monsters in sight!

Vanquished Creatures
  A sky beast (D:3)
  An ogre (D:4)
  A bombardier beetle (D:4)
  Natasha (D:2)
  2 adders
  A dart slug (D:1)
  3 ribbon worms (D:3)
  4 ball pythons
  4 bats
  3 endoplasms
  2 giant cockroaches
  11 goblins
  2 hobgoblins
  3 jackals (D:2)
  3 kobolds
  2 quokkas
  2 frilled lizards
  3 rats (D:3)
49 creatures vanquished.

Notes
Turn   | Place    | Note
-------+----------+-------------------------------------------
     0 | D:1      | olmar the Mountain Dwarf Monk began the quest for the Orb.
     0 | D:1      | Reached XP level 1. HP: 19/19 MP: 1/1
    74 | D:1      | Reached skill level 4 in Maces & Flails
    74 | D:1      | Reached XP level 2. HP: 18/26 MP: 2/2
   556 | D:2      | Reached XP level 3. HP: 26/33 MP: 3/3
  1049 | D:2      | Noticed Natasha
  1068 | D:2      | Killed Natasha
  1069 | D:2      | Reached skill level 5 in Maces & Flails
  1069 | D:2      | Reached skill level 1 in Armour
  1072 | D:2      | Reached XP level 4. HP: 16/40 MP: 2/4
  1592 | D:3      | Noticed a sky beast
  1613 | D:3      | Killed a sky beast
  1614 | D:3      | Reached XP level 5. HP: 46/46 MP: 5/5
  1950 | D:4      | Reached skill level 6 in Maces & Flails
  1998 | D:4      | Noticed an ogre
  2012 | D:4      | HP: 1/46 [ogre/+0 giant club (26)]
  2015 | D:4      | Killed an ogre
  2015 | D:4      | Killed by an exploding ogre... ignited by their inner flame

Illustrated notes

Levels and vault maps discovered:
D:1:      dpeg_arrival_houses_and_road, layout_rooms
D:2:      layout_basic, uniq_natasha
D:3:      layout_rooms, dreamdust_wishing_well, kennysheep_generic_room_4
D:4:      layout_basic, mainiacjoe_overflow_concentric_impassable,
          nicolae_ashenzari_skybound

Skill      XL: |  1  2  3  4  5 |
---------------+----------------+-----
Maces & Flails | 4 5 6 |  6.2
Armour         | 1 2 |  2.9
Fighting       | 4 |  4.2
Dodging        | |  2.2

Action                     |  1- 3 |  4- 6 || total
---------------------------+-------+-------++-------
  Melee: Mace              |    98 |    66 ||   164
  Throw: Boomerang         |     3 |     6 ||     9
         Dart              |       |     6 ||     6
    Use: Scroll            |       |     2 ||     2
 Armour: Robe              |    13 |       ||    13
         Chain mail        |    90 |    50 ||   140
         Plate armour      |       |     3 ||     3
  Dodge: Dodged            |    47 |    21 ||    68

Table legend: (Time is in decaauts)
 A = Elapsed time spent in this place.
 B = Non-inter-level travel time spent in this place.
 C = Inter-level travel time spent in this place.
 D = Time resting spent in this place.
 E = Time spent auto-exploring this place.
 F = Levels seen in this place.
 G = Mean time per level.
                   A        B        C        D        E       F      G
               +--------+--------+--------+--------+--------+-----+--------+
         Total |   2052 |   1885 |    167 |     39 |   1391 |   4 |  513.0 |
       Dungeon |   2052 |   1885 |    167 |     39 |   1391 |   4 |  513.0 |
               +--------+--------+--------+--------+--------+-----+--------+

Top non-repeatable levels by time:
     D:2: 879 daAuts
     D:1: 535 daAuts
     D:3: 524 daAuts
     D:4: 113 daAuts
